 Dungeon Crawl Stone Soup version 0.30.1-4-g462c640d31 (webtiles) character file.

Game seed: 9681465113738160473

3 Almogavar the Trooper (level 1, -2/14 HPs)
             Began as a Gargoyle Fighter on Aug 19, 2023.
             Slain by a quokka (3 damage)
             ... on level 1 of the Dungeon.
             The game lasted 00:00:14 (66 turns).

Almogavar the Trooper (Gargoyle Fighter)              Turns: 66, Time: 00:00:15

Health: -2/14      AC:  9    Str: 19    XL:     1   Next: 50%
Magic:  1/1        EV:  9    Int:  8    God:
Gold:   0          SH:  4    Dex:  9    Spells: 0/0 levels left

rFire   . . .        a - +0 flail
rCold   . . .        c - +0 buckler
rNeg    + . .        b - +0 scale mail
rPois   ∞            (no helmet)
rElec   +            (no cloak)
rCorr   .            (no gloves)
SInv    .            (no boots)
Will    .....        (no amulet) Stlth
                     (no ring)
HPRegen 0.22/turn    (no ring)
MPRegen 0.07/turn

%: no passive effects
@: no status effects
A: sickness immunity, AC +2, negative energy resistance 1, electricity
resistance, torment resistance 1, petrification resistance
a: no special abilities


You were on level 1 of the Dungeon.
You visited 1 branch of the dungeon, and saw 1 of its levels.

Inventory:

Hand Weapons
 a - a +0 flail (weapon)
Armour
 b - a +0 scale mail (worn)
 c - a +0 buckler (worn)
Scrolls
 e - a scroll of teleportation {unknown}
Potions
 d - a potion of might


   Skills:
 + Level 3.4 Fighting
 + Level 2.0 Maces & Flails
 + Level 3.3 Armour
 + Level 3.3 Shields


You couldn't memorise any spells.
You didn't know any spells.
Your spell library was empty.

Dungeon Overview and Level Annotations

Branches:
Dungeon (1/15)

Altars:


Innate Abilities, Weirdness & Mutations

You are immune to sickness and miasma.
Your stone body is resilient. (AC +2)
You are immune to poison.
You resist negative energy. (rN+)
You are resistant to electric shocks. (rElec)
You are resistant to unholy torment.
You are immune to petrification.


Message History

You closely miss the quokka. The quokka closely misses you.
The kobold barely misses you.
The endoplasm hits you but does no damage.
You closely miss the quokka. The quokka bites you. The endoplasm freezes you.
You are frozen.
The kobold closely misses you.
The quokka bites you but does no damage.
The quokka twitches its whiskers.
You miss the quokka. The quokka bites you.
The endoplasm hits you but does no damage.
The kobold hits you but does no damage. The quokka closely misses you.
You block the quokka's attack. The kobold hits you but does no damage.
The quokka bites you but does no damage.
The kobold attacks as you move away! The kobold hits you but does no damage.
The quokka twitches its whiskers.
The quokka bites you but does no damage. x2
The quokka attacks as you move away! The quokka barely misses you.
The quokka attacks as you move away! The quokka barely misses you.
You barely miss the endoplasm. The endoplasm hits you.
The endoplasm hits you but does no damage.
You completely miss the endoplasm. The endoplasm barely misses you.
You sock the endoplasm!
You kill the endoplasm!
You closely miss the quokka. The quokka barely misses you.
The quokka bites you.
You are too injured to fight recklessly!
You are too injured to fight recklessly!
You are too injured to fight recklessly!
You barely miss the quokka.
The quokka bites you but does no damage.
The quokka closely misses you. The quokka barely misses you.
The quokka closely misses you.
You miss the quokka. You block the quokka's attack.
The quokka closely misses you. The quokka bites you.
* * * LOW HITPOINT WARNING * * *
The quokka bites you.
* * * LOW HITPOINT WARNING * * *
The quokka attacks as you move away! The quokka barely misses you.
You hit the quokka but do no damage. The quokka bites you.
You die...

..........###.
..............
#...).#.#..#.#
...........#.####
#..............
###...............
#...)g..[........#
#.###.##.........#######
### #rr@................
....#####......##..######.
................#.........
...#####............###..##
........................##
...#####..........#.#####
#............#
#..........### ##........##


You could see 2 quokkas.

Vanquished Creatures
  An endoplasm (D:1)
  A hobgoblin (D:1)
  A kobold (D:1)
3 creatures vanquished.

Notes
Turn   | Place    | Note
-------+----------+-------------------------------------------
     0 | D:1      | Almogavar the Gargoyle Fighter began the quest for the Orb.
     0 | D:1      | Reached XP level 1. HP: 14/14 MP: 1/1
    66 | D:1      | Slain by a quokka

Illustrated notes

Levels and vault maps discovered:
D:1:      dpeg_arrival_fog, layout_rooms

Action                     || total
---------------------------++-------
  Melee: Flail             ||    12
 Armour: Scale mail        ||    12
  Dodge: Dodged            ||    13
  Block: Buckler           ||     2
